[Event "Team 45 45 League T35"]
[Site "Internet Chess Club"]
[Date "2007.10.28"]
[Round "2"]
[White "Riddari"]
[Black "mkrump"]
[Result "1-0"]
[WhiteElo "1313"]
[BlackElo "1361"]
[Opening "Sicilian: Sozin attack"]
[ECO "B86"]
[Time "11:02:07"]
[TimeControl "2700+45"]

1. e4 c5 2. Nf3 d6 3. d4 cxd4 4. Nxd4 Nf6 5. Nc3 e6 6. Bc4 Be7 7. Be3 a6 8. h3
Qc7 9. Qe2 Bd7 10. a3 Nc6 11. Nf3 b5 12. Bb3 O-O 13. O-O Rac8 14. Nd2 Ne5 15.
Nf3 Nc4 16. Bxc4 Qxc4 17. Qxc4 Rxc4 18. e5 Ne4 19. exd6 Bf6 20. Nxe4 Rxe4 21. c3
Rc8 22. Bd4 Bxd4 23. Nxd4 e5 24. f3 Rf4 25. Ne2 Rf6 26. Rad1 Rc6 27. f4 exf4 28.
Nxf4 Rfxd6 29. Nd5 Kf8 30. Rfe1 Be6 31. Nb4 Rxd1 32. Rxd1 Rb6 33. Rd8+ Ke7 34.
Ra8 a5 35. Rxa5 Bc4 36. Nc2 Re6 37. b3 Bxb3 38. Nd4 Re1+ 39. Kh2 Bc4 40. Nxb5
Re3 41. Ra7+ Kf6 42. Nd6 Be6 43. c4 Rd3 44. c5 Rd2 45. Ne4+ Ke5 46. Nxd2 Kd4 47.
c6 Kd3 48. Nf3 Kc4 49. c7 Kb5 50. Ra8 Kb6 51. c8=Q Bxc8 52. Rxc8 Kb5 53. Ra8 Kb6
54. Ne5 Kb7 55. Ra4 f6 56. Rb4+ Ka6 57. Nc4 g5 58. a4 h5 59. a5 f5 60. Rb6+ Ka7
61. a6 g4 62. hxg4 fxg4 63. Kg3 h4+ 64. Kxh4 g3 65. Rg6 Ka8 66. Rg7 Kb8 67. Nd6
Ka8 68. Nc8 Kb8 69. a7+ Kxc8 70. a8=Q# {Black checkmated} 1-0

[Event "Team 45 45 League T35"]
[Site "Internet Chess Club"]
[Date "2007.10.29"]
[Round "2"]
[White "bjc"]
[Black "otib2006"]
[Result "1-0"]
[WhiteElo "1291"]
[BlackElo "1269"]
[Opening "Sicilian: dragon, 6.Be3"]
[ECO "B72"]
[Time "19:11:36"]
[TimeControl "2700+45"]

1. e4 c5 2. Nf3 d6 3. d4 cxd4 4. Nxd4 g6 5. Nc3 Nf6 6. Be3 Bg7 7. Qd2 Bg4 8. f3
Bd7 9. Bc4 O-O 10. O-O-O a6 11. g4 b5 12. Bb3 a5 13. Ndxb5 Na6 14. h4 Nc7 15.
Nxc7 Qxc7 16. a4 Rfd8 17. Bh6 Be6 18. Bxg7 Kxg7 19. h5 Bxb3 20. cxb3 d5 21. Qd4
dxe4 22. Qe3 exf3 23. hxg6 Rxd1+ 24. Kxd1 Rd8+ 25. Kc1 Nxg4 26. Qxf3 Nf6 27.
gxh7 Nxh7 28. Qg4+ Kh8 29. Qh5 Qf4+ 30. Kb1 Kg7 31. Qxh7+ Kf6 32. Ne4+ Ke5 33.
Rh5+ Kd4 34. Nd2 Qxd2 35. Qg7+ Ke3 36. Qe5+ Kf3 37. Rf5+ Kg4 38. Qe4+ Kh3 39.
Qf3+ Kh2 40. Rh5+ Kg1 41. Rh1# {Black checkmated} 1-0

[Event "Team 45 45 League T35"]
[Site "Internet Chess Club"]
[Date "2007.10.28"]
[Round "2"]
[White "gilalva"]
[Black "CSCARChaplain"]
[Result "1-0"]
[WhiteElo "1167"]
[BlackElo "719"]
[Opening "French: Labourdonnais variation"]
[ECO "C00"]
[Time "14:05:43"]
[TimeControl "2700+45"]

1. e4 e6 2. f4 d5 3. e5 c5 4. Nf3 Nc6 5. Bb5 Bd7 6. Bxc6 Bxc6 7. O-O f6 8. c3
Nh6 9. d4 Be7 10. Be3 O-O 11. Bf2 Nf5 12. g4 Bb5 13. Re1 Nh6 14. h3 Qd7 15. b3
c4 16. a4 Ba6 17. b4 b5 18. axb5 Bxb5 19. Na3 Ba6 20. Nc2 Bb5 21. Bg3 g5 22.
fxg5 fxg5 23. Rf1 Qc7 24. Qd2 Nf7 25. h4 h6 26. hxg5 Nxg5 27. Nxg5 Rxf1+ 28.
Rxf1 Bxg5 29. Qh2 Rf8 30. Bf4 Qg7 31. Bxg5 Rxf1+ 32. Kxf1 Qxg5 33. Qe2 Qf4+ 34.
Kg2 Qe4+ 35. Qxe4 dxe4 36. Na3 Ba6 37. b5 Bb7 38. Nxc4 e3+ 39. Kf1 Bf3 40. Nxe3
Bxg4 41. Nxg4 h5 42. Nf6+ Kg7 43. Nxh5+ Kf7 44. Nf4 Ke7 45. Ke2 Kd7 46. Kd3 Ke7
47. Kc4 Kd7 48. Kc5 Ke7 49. Kc6 a5 50. b6 a4 51. b7 Kf7 52. b8=R a3 53. Ra8
{Black resigns} 1-0

[Event "Team 45 45 League T35"]
[Site "Internet Chess Club"]
[Date "2007.10.29"]
[Round "2"]
[White "curtintime"]
[Black "Fidelian"]
[Result "1-0"]
[WhiteElo "1483"]
[BlackElo "1347"]
[Opening "French: advance, Paulsen attack"]
[ECO "C01"]
[Time "21:59:53"]
[TimeControl "2700+45"]

1. e4 e6 2. d4 c5 3. c3 Nc6 4. Nf3 d5 5. e5 f6 6. Bf4 Qa5 7. Qd2 Bd7 8. Be2
O-O-O 9. O-O g5 10. Bg3 h5 11. h3 Bh6 12. Qc2 f5 13. Nbd2 Nge7 14. Nb3 Qa4 15.
Ne1 c4 16. Nc5 Qxc2 17. Nxc2 f4 18. Bh2 Bf8 19. b3 b5 20. a4 cxb3 21. axb5 bxc2
22. bxc6 Bxc6 23. Rxa7 Kb8 24. Rfa1 Nc8 25. R7a6 Bxc5 26. dxc5 Ne7 27. Bd3 Rd7
28. Bxc2 Rc8 29. f3 h4 30. Kf2 Kc7 31. Bg1 Kd8 32. Ke1 Rb7 33. Bd4 Rcb8 34. Rb6
Rxb6 35. cxb6 Nc8 36. Rb1 Kd7 37. Bd3 Ba4 38. b7 Ne7 39. Ba7 Rh8 40. b8=Q Rxb8
41. Rxb8 Kc7 42. Bb5 Bxb5 43. Rxb5 Nc8 44. Bd4 Kc6 45. Rc5+ Kd7 46. c4 Nb6 47.
cxd5 Nxd5 48. Ra5 Nb4 49. Ra7+ Ke8 50. Rc7 Kd8 51. Rc4 Nd5 52. Kd2 Kd7 53. Ra4
Kc6 54. Ra6+ Kd7 55. Ra7+ Ke8 56. Rg7 Kf8 57. Rxg5 Kf7 58. Rh5 Kg6 59. Rxh4 Kg5
60. Rh8 Kf5 61. h4 Kg6 62. Kd3 Kg7 63. Rh5 Kg6 64. Rg5+ Kh6 65. Ke4 Ne7 66. Kxf4
Nf5 67. Rxf5 exf5 68. Kxf5 Kg7 69. g4 Kf7 70. e6+ Ke7 71. Bf6+ Kf8 72. g5 Kg8
73. h5 Kf8 74. h6 Kg8 75. g6 {Black resigns} 1-0

[Event "Team 45 45 League T35"]
[Site "Internet Chess Club"]
[Date "2007.10.29"]
[Round "2"]
[White "b2solo"]
[Black "JustinZ"]
[Result "1-0"]
[WhiteElo "1119"]
[BlackElo "1203"]
[Opening "Réti: King's Indian attack (Barcza system)"]
[ECO "A07"]
[Time "14:01:07"]
[TimeControl "2700+45"]

1. Nf3 d5 2. g3 Nf6 3. Bg2 e6 4. d3 Be7 5. Nbd2 O-O 6. O-O Nbd7 7. e4 dxe4 8.
dxe4 Bd6 9. Re1 Ng4 10. h3 Nge5 11. Nxe5 Bxe5 12. Nf3 b6 13. Nxe5 Nxe5 14. Qh5
Qf6 15. Bd2 g6 16. Qe2 Rd8 17. Bc3 g5 18. Rad1 Bb7 19. f3 c5 20. h4 gxh4 21. f4
hxg3 22. Bxe5 Qh4 23. Bh1 Ba6 24. Qg2 f6 25. Bd6 Rd7 26. Re3 Rad8 27. Rxg3+ Kh8
28. e5 Qxf4 29. Rg4 Qe3+ 30. Kh2 fxe5 31. Rg3 Qh6+ 32. Rh3 Qf4+ 33. Rg3 Rxd6 34.
Rxd6 Rxd6 35. Qa8+ {Black resigns} 1-0

[Event "Team 45 45 League T35"]
[Site "Internet Chess Club"]
[Date "2007.10.26"]
[Round "2"]
[White "Prop"]
[Black "uipawn"]
[Result "1-0"]
[WhiteElo "1275"]
[BlackElo "1264"]
[Opening "King's pawn opening"]
[ECO "B07"]
[Time "20:34:35"]
[TimeControl "2700+45"]

1. e4 d6 2. d4 e5 3. c3 exd4 4. cxd4 Be7 5. Nf3 c5 6. Bc4 Nf6 7. e5 dxe5 8. Nxe5
Qxd4 9. Qa4+ Nbd7 10. Bxf7+ Kf8 11. Qxd4 cxd4 12. Nxd7+ Nxd7 13. Bb3 g6 14. Bh6+
Ke8 15. O-O Nc5 16. Nd2 Kd7 17. Bg7 Rd8 18. Bxd4 Nxb3 19. Nxb3 Kc7 20. Rac1+ Kd7
21. Nc5+ Ke8 22. Rfe1 Kf7 23. Nb3 Bf6 24. Bxf6 Kxf6 25. Nc5 b6 26. Ne4+ Kf5 27.
f3 Bb7 28. g4+ Ke6 29. Ng5+ Kd6 30. Nf7+ Kd5 31. Rcd1+ Kc5 32. Nxd8 Bxf3 33.
Rc1+ Kb4 34. Nc6+ Bxc6 35. Rxc6 Rd8 36. Re4+ Kb5 37. Rce6 Rd1+ 38. Kg2 Rd5 39.
R6e5 Kc5 40. Rxd5+ Kxd5 41. Re7 h5 42. gxh5 gxh5 43. Rxa7 b5 44. Rh7 Kc4 45.
Rxh5 b4 46. Rh4+ Kb5 47. a3 b3 48. Rh8 Kc4 49. Rc8+ Kd3 50. Kf3 Kd2 51. h4 Kd3
52. h5 Kd4 53. h6 {Black resigns} 1-0

[Event "Team 45 45 League T35"]
[Site "Internet Chess Club"]
[Date "2007.10.27"]
[Round "2"]
[White "LittleBunny"]
[Black "Gomer"]
[Result "1-0"]
[WhiteElo "1226"]
[BlackElo "1182"]
[Opening "Four knights game"]
[ECO "C47"]
[Time "20:09:18"]
[TimeControl "2700+45"]

1. e4 e5 2. Nf3 Nc6 3. Nc3 Nf6 4. g3 d6 5. Bg2 d5 6. exd5 Nxd5 7. Nxd5 Qxd5 8.
d3 Bc5 9. O-O Bg4 10. c4 Qe6 11. Be3 Bxe3 12. fxe3 Qd7 13. Qc2 Nb4 14. Qc3 Nxd3
15. Nxe5 Nxe5 16. Qxe5+ Qe6 17. Qxe6+ Bxe6 18. Bxb7 Rb8 19. Bc6+ Kf8 20. b3 g6
21. Rad1 Kg7 22. Bd5 Bxd5 23. Rxd5 Ra8 24. Rd7 Rhf8 25. Rxc7 a5 26. Rb7 Ra6 27.
c5 Rf6 28. Ra7 Rxf1+ 29. Kxf1 Rd8 30. a4 Rd3 31. c6 Rd1+ 32. Ke2 Rc1 33. Ra6 f6
34. Kd2 Rc5 35. Kd3 Kf8 36. Ra8+ Ke7 37. Ra7+ Kd6 38. c7 Rxc7 39. Rxc7 Kxc7 40.
Kc3 h5 41. b4 axb4+ 42. Kxb4 Kb6 43. a5+ Ka6 44. h4 g5 45. e4 g4 46. Kc5 Kxa5
47. Kd6 Kb6 48. Ke6 Kc7 49. Kxf6 Kd7 50. Kg6 Ke6 51. Kxh5 {Black resigns} 1-0

[Event "Team 45 45 League T35"]
[Site "Internet Chess Club"]
[Date "2007.10.25"]
[Round "2"]
[White "merecat"]
[Black "Visin"]
[Result "1/2-1/2"]
[WhiteElo "1332"]
[BlackElo "1346"]
[Opening "Queen's pawn game"]
[ECO "D00"]
[Time "14:55:40"]
[TimeControl "2700+45"]

1. d4 d5 2. h3 Nf6 3. Nd2 Nc6 4. c3 e5 5. dxe5 Nxe5 6. Ndf3 Bd6 7. Bg5 h6 8. Bh4
Bd7 9. Nxe5 Bxe5 10. Nf3 g5 11. Bg3 Bxg3 12. fxg3 Qe7 13. Qd4 c5 14. Qe5 Qxe5
15. Nxe5 Kf8 16. h4 Re8 17. hxg5 Rxe5 18. gxf6 Rf5 19. O-O-O Be6 20. e4 Rxf6 21.
exd5 Bd7 22. b3 Rg8 23. Rd3 b5 24. Be2 Rf2 25. Kd1 Rxg2 26. Rxh6 Rg6 27. Rxg6
fxg6 28. g4 Ke7 29. Re3+ Kd6 30. c4 a6 31. a3 Bxg4 32. Bxg4 Rxg4 33. Re6+ Kc7
34. Rc6+ Kd7 35. Rxc5 bxc4 36. Rxc4 Rg3 37. Kc2 Kd6 38. Rc6+ Kxd5 39. Rxa6 g5
40. Ra5+ Kc6 41. a4 g4 42. Rg5 Kb6 43. b4 Rg1 44. a5+ Ka6 45. Kd3 g3 46. Ke2 Rb1
47. Kf3 Rxb4 48. Kxg3 Rb5 49. Rxb5 Kxb5 50. Kf3 Kxa5 {Game drawn because neither
player has mating material} 1/2-1/2

[Event "Team 45 45 League T35"]
[Site "Internet Chess Club"]
[Date "2007.10.25"]
[Round "2"]
[White "Tomate"]
[Black "carolinaknight"]
[Result "1-0"]
[WhiteElo "1359"]
[BlackElo "1365"]
[Opening "French: Fort Knox variation"]
[ECO "C03"]
[Time "19:32:57"]
[TimeControl "2700+45"]

1. e4 e6 2. d4 d5 3. Nd2 dxe4 4. Nxe4 Bd7 5. Nf3 Bc6 6. Bd3 Nd7 7. O-O Ngf6 8.
Re1 Be7 9. Ng3 O-O 10. c3 Nd5 11. a3 Bd6 12. Ne4 Bf4 13. Neg5 Bxc1 14. Rxc1 Nf4
15. Bxh7+ Kh8 16. Be4 Bxe4 17. Rxe4 Qf6 18. Qd2 Ng6 19. Nh4 Nb6 20. Nxg6+ Qxg6
21. Rh4+ Kg8 22. Qe3 Nc4 23. Qh3 {Black resigns} 1-0

[Event "Team 45 45 League T35"]
[Site "Internet Chess Club"]
[Date "2007.10.27"]
[Round "2"]
[White "furrbrain"]
[Black "Dalcon"]
[Result "0-1"]
[WhiteElo "1295"]
[BlackElo "1358"]
[Opening "Robatsch (modern) defense"]
[ECO "B06"]
[Time "13:59:56"]
[TimeControl "2700+45"]

1. e4 g6 2. d4 d6 3. Nf3 Bg7 4. Bc4 e6 5. O-O Nf6 6. Bg5 d5 7. exd5 exd5 8. Re1+
Be6 9. Bb3 O-O 10. Nc3 c6 11. Ne5 Nbd7 12. f4 Qc7 13. Nf3 Rfe8 14. Bh4 Qd6 15.
Bg3 Nh5 16. f5 Nxg3 17. fxe6 Rxe6 18. hxg3 Qxg3 19. Rxe6 fxe6 20. Ne2 Qg4 21. c3
Rf8 22. Nh2 Qg5 23. Qd3 c5 24. Rf1 c4 25. Bxc4 dxc4 26. Qxc4 Qe3+ 27. Kh1 Nb6
28. Rxf8+ Bxf8 29. Ng4 Nxc4 30. Nxe3 Nxe3 31. Nf4 Kf7 32. Kg1 g5 33. Nh3 h6 34.
Kf2 Nd1+ 35. Ke2 Nxb2 36. Ke3 Nd1+ 37. Kd3 Kf6 38. Kd2 Nb2 39. Nf2 Kf5 40. g4+
Kf4 41. Nd3+ Nxd3 42. Kxd3 Kxg4 {White resigns} 0-1

[Event "Team 45 45 League T35"]
[Site "Internet Chess Club"]
[Date "2007.10.27"]
[Round "2"]
[White "smcintyr11"]
[Black "WzeroMN"]
[Result "1-0"]
[WhiteElo "1113"]
[BlackElo "1210"]
[Opening "French: advance, Paulsen attack"]
[ECO "C02"]
[Time "09:46:37"]
[TimeControl "2700+45"]

1. e4 e6 2. d4 d5 3. e5 c5 4. c3 Nc6 5. Nf3 Qb6 6. Be2 Nge7 7. b3 Nf5 8. Bb2
cxd4 9. cxd4 Bd7 10. O-O Be7 11. a3 O-O 12. Qd3 f6 13. Nbd2 fxe5 14. Nxe5 Nxe5
15. dxe5 Bb5 16. Qxb5 Qc7 17. Rac1 Qb6 18. Qxb6 axb6 19. b4 Bg5 20. f4 Bh6 21.
g3 g6 22. Nf3 Rad8 23. Bd4 Nxd4 24. Nxd4 Rfe8 25. Bg4 {Black resigns} 1-0

[Event "Team 45 45 League T35"]
[Site "Internet Chess Club"]
[Date "2007.10.27"]
[Round "2"]
[White "Archdruid"]
[Black "GadsHill"]
[Result "1-0"]
[WhiteElo "1766"]
[BlackElo "1535"]
[Opening "King's pawn opening"]
[ECO "B07"]
[Time "10:03:08"]
[TimeControl "2700+45"]

1. e4 d6 2. c4 Nf6 3. Nc3 e5 4. d4 Nbd7 5. f3 c6 6. Be3 Be7 7. Nge2 O-O 8. Ng3
Qc7 9. Nf5 exd4 10. Nxe7+ Kh8 11. Bxd4 Ne5 12. Nxc8 Raxc8 13. Bxe5 dxe5 14. Be2
Rfd8 15. Qc1 Rd4 16. O-O Rcd8 17. Kh1 Nd7 18. b4 Nf8 19. Rb1 Ne6 20. g3 R4d7 21.
Qe3 Nd4 22. Rb2 b6 23. b5 cxb5 24. Nxb5 Nxb5 25. Rxb5 f6 26. Rd5 {Black resigns}
1-0

[Event "Team 45 45 League T35"]
[Site "Internet Chess Club"]
[Date "2007.10.27"]
[Round "2"]
[White "chessbuzz"]
[Black "OOB1"]
[Result "0-1"]
[WhiteElo "1591"]
[BlackElo "1563"]
[Opening "Sicilian: Grand Prix attack"]
[ECO "B23"]
[Time "20:02:04"]
[TimeControl "2700+45"]

1. e4 c5 2. Nc3 Nc6 3. f4 e5 4. f5 Nf6 5. Nf3 d5 6. exd5 Nxd5 7. Bb5 Nxc3 8.
bxc3 Bd7 9. O-O Bd6 10. d4 cxd4 11. Bxc6 Bxc6 12. cxd4 Bxf3 13. Qxf3 O-O 14.
dxe5 Bxe5 15. Rb1 b6 16. Bb2 Bxb2 17. Rxb2 Qd4+ 18. Kh1 Qxb2 19. f6 Qxf6 20.
Qxf6 gxf6 21. Rxf6 Rfe8 22. Rf1 Re2 23. Rc1 Rc8 24. c4 Rxc4 {White resigns} 0-1

[Event "Team 45 45 League T35"]
[Site "Internet Chess Club"]
[Date "2007.10.25"]
[Round "2"]
[White "keisher415"]
[Black "Platitude"]
[Result "1-0"]
[WhiteElo "1723"]
[BlackElo "1548"]
[Opening "Sicilian: Labourdonnais-Löwenthal (Kalashnikov) variation"]
[ECO "B32"]
[Time "19:53:15"]
[TimeControl "2700+45"]

1. e4 c5 2. Nf3 Nc6 3. d4 cxd4 4. Nxd4 e5 5. Nb5 d6 6. N1c3 a6 7. Na3 Be6 8. Nc4
Nf6 9. Ne3 Rc8 10. Ned5 Be7 11. Be3 Nb8 12. Be2 O-O 13. Nxe7+ Qxe7 14. f3 Rfd8
15. Bb6 Rd7 16. Nd5 Nxd5 17. exd5 Bf5 18. c4 Qg5 19. g4 Qh4+ 20. Bf2 Qg5 21.
gxf5 Qg2 22. Rg1 Qxh2 23. Qd2 e4 24. Qd4 Qh6 25. Be3 Qh4+ 26. Kd2 f6 27. Rg4 Qh5
28. Qxf6 Rf8 29. Qe6+ Qf7 30. Rag1 Qxe6 31. dxe6 exf3 32. exd7 Nxd7 {Black
resigns} 1-0

[Event "Team 45 45 League T35"]
[Site "Internet Chess Club"]
[Date "2007.10.28"]
[Round "2"]
[White "Sir-Anthony"]
[Black "Mfalme"]
[Result "0-1"]
[WhiteElo "1333"]
[BlackElo "1273"]
[Opening "Queen's pawn game"]
[ECO "E20"]
[Time "20:00:19"]
[TimeControl "2700+45"]

1. c4 e6 2. d4 Nf6 3. Nc3 Be7 4. e4 Bb4 5. Bg5 Be7 6. Bxf6 Bxf6 7. e5 Bg5 8. Nf3
Bh6 9. Bd3 d6 10. exd6 cxd6 11. O-O O-O 12. Qc2 f5 13. Ne2 Nc6 14. a3 b6 15.
Rfe1 Bb7 16. Nc3 Qf6 17. d5 Ne5 18. Nxe5 dxe5 19. d6 Bc6 20. Nb5 a6 21. Nc7 Ra7
22. c5 b5 23. a4 e4 24. Be2 e3 25. f3 Bf4 26. axb5 Bd5 27. b6 Rb7 28. Bxa6 Rbb8
29. Nxd5 exd5 30. Rad1 d4 31. Qc4+ Kh8 32. Rxd4 Be5 33. Rdd1 f4 34. c6 Rxb6 35.
b4 Bxd6 36. b5 Qe7 37. Rxd6 Qxd6 38. c7 h6 39. c8=Q Rxc8 40. Qxc8+ Kh7 41. Qf5+
Kg8 42. Rc1 Rb8 43. Bc8 Qd2 44. Qe6+ Kf8 45. Qf5+ Kg8 46. Be6+ Kh8 47. h3 Qxc1+
48. Kh2 e2 49. Qg6 e1=Q {White resigns} 0-1

[Event "Team 45 45 League T35"]
[Site "Internet Chess Club"]
[Date "2007.10.26"]
[Round "2"]
[White "Fegary"]
[Black "joshua9"]
[Result "1-0"]
[WhiteElo "1886"]
[BlackElo "1694"]
[Opening "Sicilian: closed"]
[ECO "B23"]
[Time "14:18:45"]
[TimeControl "2700+45"]

1. e4 c5 2. Nc3 d6 3. Nge2 Nf6 4. Nf4 e6 5. Bc4 Nc6 6. a3 a6 7. d3 b5 8. Ba2 Be7
9. Be3 Rb8 10. h3 O-O 11. h4 b4 12. axb4 cxb4 13. Nce2 Ng4 14. g3 Nxe3 15. fxe3
Ne5 16. Ng1 Bb7 17. Nf3 Nxf3+ 18. Qxf3 Rc8 19. Bb3 Kh8 20. Kd2 Bf6 21. d4 e5 22.
Bd5 exf4 23. Bxb7 fxe3+ 24. Qxe3 Rc4 25. Bxa6 Rxd4+ 26. Bd3 Qd7 27. Ra5 b3 28.
c3 Ra4 29. Bb5 Qd8 30. Rxa4 d5 31. e5 Be7 32. Ra7 Qb8 33. Bc6 d4 34. Qxd4 Rd8
35. Ra8 Qb6 36. Rxd8+ Bxd8 37. Qxb6 Bxb6 38. Ra1 h5 39. Ra8+ Kh7 40. Bd5 Bf2 41.
Bxf7 Bxg3 42. Bxh5 Bxe5 43. Bd1 Kh6 44. Bxb3 g5 45. hxg5+ Kxg5 46. Ra5 Kf6 47.
Rxe5 Kxe5 48. Kd3 Kd6 49. Kc4 {Black resigns} 1-0

[Event "Team 45 45 League T35"]
[Site "Internet Chess Club"]
[Date "2007.10.27"]
[Round "2"]
[White "Juan73"]
[Black "C-Jones"]
[Result "1-0"]
[WhiteElo "1709"]
[BlackElo "1570"]
[Opening "Sicilian: closed"]
[ECO "B23"]
[Time "19:45:30"]
[TimeControl "2700+45"]

1. e4 c5 2. Nc3 a6 3. Nf3 d6 4. Bc4 h6 5. d4 cxd4 6. Qxd4 Nc6 7. Qd1 Nf6 8. Bf4
g5 9. Bg3 Bg7 10. Qd2 O-O 11. h4 g4 12. Nh2 Nh5 13. Nf1 Ne5 14. Be2 Qc7 15. Nd5
Qd8 16. O-O-O Bd7 17. f4 gxf3 18. gxf3 Rc8 19. Rg1 Nc4 20. Bxc4 Rxc4 21. e5 Kh8
22. f4 Bf5 23. Nfe3 Nxg3 24. Rxg3 Rxf4 25. Nxf5 Rxf5 26. Rdg1 Rg8 27. Ne3 Rxe5
28. Ng4 Re6 29. Re3 Rg6 30. Reg3 Qb6 31. c3 Qc5 32. Nxh6 Qxg1+ 33. Rxg1 Bxh6 34.
Rg5 Bxg5 35. hxg5 Rxg5 36. Qe3 Re5 37. Qh6# {Black checkmated} 1-0

[Event "Team 45 45 League T35"]
[Site "Internet Chess Club"]
[Date "2007.10.28"]
[Round "2"]
[White "jjmolina"]
[Black "curtintime"]
[Result "1-0"]
[WhiteElo "1503"]
[BlackElo "1487"]
[Opening "Giuoco Piano"]
[ECO "C54"]
[Time "11:09:01"]
[TimeControl "2700+45"]

1. e4 e5 2. Nf3 Nc6 3. Bc4 Bc5 4. c3 Nf6 5. d4 exd4 6. cxd4 Bb4+ 7. Bd2 Bxd2+ 8.
Nbxd2 d5 9. exd5 Nxd5 10. Qb3 Qe7+ 11. Kf1 O-O 12. Bxd5 Re8 13. Re1 Qd7 14.
Bxf7+ Qxf7 15. Rxe8# {Black checkmated} 1-0

[Event "Team 45 45 League T35"]
[Site "Internet Chess Club"]
[Date "2007.10.25"]
[Round "2"]
[White "bmw2002"]
[Black "knightc9mate"]
[Result "0-1"]
[WhiteElo "1725"]
[BlackElo "1906"]
[Opening "English: Caro-Kann defensive system"]
[ECO "A11"]
[Time "20:10:01"]
[TimeControl "2700+45"]

1. c4 c6 2. Nc3 d5 3. cxd5 cxd5 4. d4 Nc6 5. g3 Nf6 6. Bg2 e6 7. Nf3 Be7 8. O-O
O-O 9. Bf4 a6 10. Rc1 Bd7 11. a3 Na5 12. Ne5 Rc8 13. b4 Nc4 14. Nxc4 Rxc4 15. e4
dxe4 16. Nxe4 Rxc1 17. Qxc1 Bb5 18. Rd1 Nd5 19. Bd2 Qc8 20. Nc3 Nxc3 21. Qxc3
Qxc3 22. Bxc3 Rc8 23. Bd2 b6 24. Be3 Ba4 25. Rd2 Rc1+ 26. Bf1 Bb5 27. Re2 Rb1
28. Kg2 Bxe2 29. Bxe2 a5 30. d5 exd5 31. Bxb6 axb4 32. a4 Rb2 33. Bb5 Ra2 34. a5
b3 35. a6 b2 36. Bd3 Rxa6 37. Bd4 Ra2 38. Bb1 Ra1 39. Bc2 b1=Q 40. Bxb1 Rxb1
{White resigns} 0-1

[Event "Team 45 45 League T35"]
[Site "Internet Chess Club"]
[Date "2007.10.24"]
[Round "2"]
[White "Avedldesierto"]
[Black "BrerRabbit"]
[Result "1/2-1/2"]
[WhiteElo "1651"]
[BlackElo "1600"]
[Opening "Sicilian defense"]
[ECO "B40"]
[Time "19:03:36"]
[TimeControl "2700+45"]

1. e4 c5 2. Nf3 e6 3. d3 Nc6 4. g3 g6 5. Bg2 Bg7 6. O-O d5 7. exd5 exd5 8. Re1+
Nge7 9. c3 O-O 10. Bg5 Qc7 11. Bf4 Qd8 12. Bg5 Qc7 13. Bf4 Qd8 14. Qd2 Bf5 15.
Bh6 Re8 16. Bg5 Qc7 17. Nh4 Be6 18. Na3 a6 19. Nc2 d4 20. cxd4 Nxd4 21. Nxd4
Bxd4 22. Nf3 Bg7 23. d4 Rad8 24. Rac1 Qd7 25. Rxc5 Bxa2 26. Rc3 Rc8 27. Rxc8
Nxc8 28. Rxe8+ Qxe8 29. Ne5 Nd6 30. Be3 Qe6 31. f4 f6 32. Nd3 Nc4 33. Qe1 Qxe3+
34. Qxe3 Nxe3 35. Bxb7 Bc4 36. Nb4 f5 37. d5 Bf8 38. Nxa6 Bxa6 39. Bxa6 Kf7 40.
Kf2 Nc2 41. Bc4 Bc5+ 42. Ke2 Ke7 43. Kd3 Nb4+ 44. Kc3 Kd6 45. Kd2 Nxd5 46. Ke2
Ne7 47. Kf3 Bd4 {Game drawn by mutual agreement} 1/2-1/2

[Event "Team 45 45 League T35"]
[Site "Internet Chess Club"]
[Date "2007.10.26"]
[Round "2"]
[White "allanchs"]
[Black "scottrugby"]
[Result "1-0"]
[WhiteElo "1517"]
[BlackElo "1424"]
[Opening "Sicilian: dragon, classical, 9.Nb3"]
[ECO "B74"]
[Time "11:58:10"]
[TimeControl "2700+45"]

1. e4 c5 2. Nf3 g6 3. d4 cxd4 4. Nxd4 Nc6 5. Nc3 Nf6 6. Be3 Bg7 7. Be2 d6 8. O-O
O-O 9. Nb3 a6 10. f4 e6 11. Qd2 e5 12. Rad1 Bh6 13. Qxd6 Qxd6 14. Rxd6 exf4 15.
Bxf4 Bxf4 16. Rxf4 Kg7 17. Rdxf6 Be6 18. Rf1 Nb4 19. Nc5 Nxc2 20. Rxe6 fxe6 21.
Nxe6+ Kg8 22. Rxf8+ Rxf8 23. Nxf8 Kxf8 24. Kf2 Nd4 25. Ke3 Nc2+ 26. Kd2 Nd4 27.
Bd1 b5 28. Kd3 Ne6 29. g3 Ke7 30. Bb3 Nc5+ 31. Ke3 Nxb3 32. axb3 Ke6 33. Kd4 b4
34. Nd5 a5 35. Ne3 Kd6 36. Nc4+ {Black resigns} 1-0

[Event "Team 45 45 League T35"]
[Site "Internet Chess Club"]
[Date "2007.10.28"]
[Round "2"]
[White "beerss"]
[Black "fredd"]
[Result "0-1"]
[WhiteElo "1347"]
[BlackElo "1540"]
[Opening "Bird: From gambit"]
[ECO "A02"]
[Time "20:07:55"]
[TimeControl "2700+45"]

1. f4 e5 2. fxe5 d6 3. e4 dxe5 4. Nf3 Bd6 5. Be2 Nc6 6. O-O Be6 7. b3 f5 8. Nc3
f4 9. Bb5 Bd7 10. Bxc6 Bxc6 11. d3 Nf6 12. Bb2 Qd7 13. Nd5 Bxd5 14. exd5 Nxd5
15. Nxe5 Bxe5 16. Bxe5 O-O-O 17. Bxf4 Rhf8 18. Bd2 g6 19. Rxf8 Rxf8 20. c4 Nf4
21. Bxf4 Qd4+ 22. Be3 Qxe3+ 23. Kh1 h5 24. d4 Rd8 25. d5 Rd6 26. Qf1 Qe5 27. Re1
Qf5 28. Qe2 Rd8 29. Qe6+ Qxe6 30. Rxe6 Rf8 31. Kg1 g5 32. g3 h4 33. gxh4 gxh4
34. Rg6 h3 35. Rg3 Rh8 36. a4 Kd7 37. Kf2 Kd6 38. Ke3 Kc5 39. Kd3 Kb4 40. Ke4
Re8+ 41. Kf4 Rf8+ 42. Kg4 Rh8 43. Rxh3 Rxh3 44. Kxh3 Kxb3 45. Kg3 Kxc4 46. h4
Kxd5 47. Kg4 Ke6 48. Kg5 Kf7 49. h5 Kg7 50. Kf5 Kh6 51. Ke6 c6 52. Kd6 b5 53.
axb5 cxb5 54. Kc5 a6 55. Kb4 Kxh5 56. Ka5 Kg5 57. Kb4 Kf4 58. Kc5 Ke5 59. Kb4
Kd4 60. Ka5 Kc4 {White resigns} 0-1

[Event "Team 45 45 League T35"]
[Site "Internet Chess Club"]
[Date "2007.10.28"]
[Round "2"]
[White "Andruw"]
[Black "twintower"]
[Result "1-0"]
[WhiteElo "1648"]
[BlackElo "1619"]
[Opening "French: Rubinstein variation"]
[ECO "C03"]
[Time "20:54:58"]
[TimeControl "2700+45"]

1. e4 e6 2. d4 d5 3. Nd2 dxe4 4. Nxe4 Nd7 5. Nf3 Ngf6 6. Bd3 c5 7. c3 cxd4 8.
cxd4 Bb4+ 9. Bd2 Ba5 10. O-O Bb6 11. Nd6+ Ke7 12. Bb4 Qg8 13. Nxc8+ Kd8 14. Nxb6
Nxb6 15. Ba5 {Black resigns} 1-0

[Event "Team 45 45 League T35"]
[Site "Internet Chess Club"]
[Date "2007.10.28"]
[Round "2"]
[White "Lyko"]
[Black "GolfSuper"]
[Result "0-1"]
[WhiteElo "1520"]
[BlackElo "1688"]
[Opening "QGD Slav defense"]
[ECO "D10"]
[Time "07:56:23"]
[TimeControl "2700+45"]

1. d4 d5 2. c4 c6 3. e3 e6 4. b3 Nf6 5. Ba3 Bxa3 6. Nxa3 Nbd7 7. Nf3 O-O 8. Rc1
Qa5+ 9. Qd2 Qxa3 10. Bd3 Qe7 11. O-O e5 12. dxe5 Nxe5 13. Nxe5 Qxe5 14. f4 Qe6
15. Rce1 Ne4 16. Qd1 Qg6 17. Rf3 Bg4 18. Bxe4 Qxe4 {White resigns} 0-1

[Event "Team 45 45 League T35"]
[Site "Internet Chess Club"]
[Date "2007.10.24"]
[Round "2"]
[White "strudel"]
[Black "Mitch99"]
[Result "0-1"]
[WhiteElo "1433"]
[BlackElo "1363"]
[Opening "Nimzo-Indian: classical, Noa variation"]
[ECO "E34"]
[Time "16:02:56"]
[TimeControl "2700+45"]

1. d4 e6 2. c4 Nf6 3. Nc3 Bb4 4. Qc2 d5 5. Bg5 h6 6. Bh4 Nc6 7. e3 Bd7 8. cxd5
exd5 9. Bd3 Qe7 10. Ne2 O-O-O 11. Nf4 g5 12. Nxd5 Nxd5 13. Bg3 Nxd4 14. Qd2 Nf5
15. Kf1 Nxg3+ 16. hxg3 Nxc3 17. bxc3 Qf6 18. Rc1 Ba3 19. Rd1 Ba4 20. Rxh6 Qe5
21. Bf5+ Qxf5 22. Rxh8 Rxh8 23. Re1 Rh1+ 24. Ke2 Bb5+ 25. Kd1 Qb1+ 26. Qc1 Qxc1#
{White checkmated} 0-1